[Event "Gibraltar Challengers A 2020"]
[Site "Caleta"]
[Date "2020.01.21"]
[Round "1.1"]
[White "Sousa, Ludy Helsio Paulo"]
[Black "Lung, Liviu-Catalin"]
[Result "1-0"]
[ECO "B76"]
[WhiteElo "2247"]
[BlackElo "2041"]
[Annotator "RC"]
[PlyCount "53"]
[EventDate "2020.01.20"]
[EventType "swiss"]
[EventCountry "GGB"]
[SourceTitle "playchess.com"]
[Source "ChessBase"]
[SourceQuality "1"]
[TimeControl "6600+10"]

1. e4 c5 2. Nf3 d6 3. d4 cxd4 4. Nxd4 Nf6 5. Nc3 g6 6. Be3 Bg7 7. f3 O-O 8. Qd2 Nc6 9. O-O-O Nxd4 10. Bxd4 Be6 11. Kb1 Qc7 12. Nd5 Bxd5 13. exd5 Nd7 14. Bxg7 Kxg7 15. h4 h6 16. g4 Ne5 17. Be2 Rac8 18. f4 Nc4 19. Bxc4 Qxc4 20. h5 Rc5 21. hxg6 fxg6 22. f5 Rh8 23. Rhe1 e5 24. dxe6 Rhc8 25. e7 Re8 26. Re6 gxf5 27. Qxh6+ 1-0

[Event "Gibraltar Challengers A 2020"]
[Site "Caleta"]
[Date "2020.01.21"]
[Round "1.2"]
[White "Raghav, Srivathsav V"]
[Black "Meszaros, Andras"]
[Result "1-0"]
[ECO "A00"]
[WhiteElo "2023"]
[BlackElo "2244"]
[Annotator "ChessBase"]
[PlyCount "91"]
[EventDate "2020.01.20"]
[EventType "swiss"]
[EventCountry "GGB"]
[SourceTitle "playchess.com"]
[Source "ChessBase"]
[SourceQuality "1"]
[TimeControl "6600+10"]

1. b3 d5 2. Bb2 Nf6 3. g3 c6 4. Bg2 Bg4 5. h3 Be6 6. e3 g6 7. Ne2 Bg7 8. O-O h5 9. Nbc3 Qc8 10. h4 Bh3 11. d3 Bxg2 12. Kxg2 e5 13. Ba3 Nbd7 14. d4 Qc7 15. dxe5 Nxe5 16. Qd4 b6 17. e4 O-O-O 18. exd5 Nxd5 19. Rad1 Rhe8 20. Nxd5 Rxd5 21. Qf4 Rxd1 22. Rxd1 c5 23. Qe4 Qc6 24. Qxc6+ Nxc6 25. Kf1 Be5 26. c3 Kc7 27. Bc1 Re6 28. Bf4 Rd6 29. Bxe5 Nxe5 30. Rxd6 Kxd6 31. Nf4 b5 32. Ke2 b4 33. c4 a5 34. Nd3 Nc6 35. Ke3 Nd4 36. f3 Ne6 37. g4 Ng7 38. Nf2 f5 39. gxh5 Nxh5 40. Nd3 Ng3 41. Kf4 Ne2+ 42. Kg5 Nd4 43. Kxg6 Nxf3 44. h5 f4 45. h6 Nh4+ 46. Kf6 1-0

[Event "Gibraltar Challengers A 2020"]
[Site "Caleta"]
[Date "2020.01.21"]
[Round "1.3"]
[White "Carrascoso Morales, Abel"]
[Black "Rakotomaharo, Yves Andre"]
[Result "1-0"]
[ECO "B31"]
[WhiteElo "2229"]
[BlackElo "2020"]
[Annotator "ChessBase"]
[PlyCount "69"]
[EventDate "2020.01.20"]
[EventType "swiss"]
[EventCountry "GGB"]
[SourceTitle "playchess.com"]
[Source "ChessBase"]
[SourceQuality "1"]
[TimeControl "6600+10"]

1. e4 c5 2. Nf3 Nc6 3. Bb5 g6 4. Bxc6 dxc6 5. h3 Bg7 6. O-O e5 7. d3 Qd6 8. b4 cxb4 9. a3 Ne7 10. axb4 O-O 11. Nbd2 Qc7 12. Bb2 Rd8 13. Qe2 h6 14. Nc4 f6 15. d4 exd4 16. Bxd4 Be6 17. Bxa7 Nc8 18. Bd4 b5 19. Ncd2 Nb6 20. Qe3 Na4 21. Rac1 Qf7 22. Nb3 Bf8 23. Qf4 Kg7 24. Ne5 Qc7 25. Nxg6 Qxf4 26. Nxf4 Bc4 27. Rfd1 Bxb4 28. Nh5+ Kg6 29. g4 Be7 30. Kg2 Kf7 31. f3 b4 32. Be3 Rxd1 33. Rxd1 Nc3 34. Rd7 Bxb3 35. Bc5 1-0

[Event "Gibraltar Challengers A 2020"]
[Site "Caleta"]
[Date "2020.01.21"]
[Round "1.4"]
[White "Kozarcanin, Sead"]
[Black "Oragwu, Chukwunonso"]
[Result "0-1"]
[ECO "A01"]
[WhiteElo "2019"]
[BlackElo "2220"]
[Annotator "ChessBase"]
[PlyCount "74"]
[EventDate "2020.01.20"]
[EventType "swiss"]
[EventCountry "GGB"]
[SourceTitle "playchess.com"]
[Source "ChessBase"]
[SourceQuality "1"]
[TimeControl "6600+10"]

1. b3 e5 2. Bb2 Nc6 3. e3 g6 4. Bb5 Nge7 5. Nf3 Bg7 6. d3 O-O 7. Nbd2 a6 8. Bxc6 Nxc6 9. O-O d6 10. d4 Qe7 11. d5 Nb8 12. c4 a5 13. a3 c5 14. Bc3 Nd7 15. b4 a4 16. Qc2 f5 17. Rfd1 g5 18. Nf1 g4 19. Ne1 b6 20. Ng3 Qf7 21. e4 fxe4 22. Nxe4 Qg6 23. b5 Rf4 24. Nd2 Qh5 25. Ne4 Qg6 26. Nd2 Rf5 27. Ne4 Nf8 28. Bd2 Rf4 29. Bxf4 exf4 30. Kh1 Bf5 31. f3 Re8 32. Rac1 gxf3 33. gxf3 Rxe4 34. Qg2 Re3 35. Qxg6 Nxg6 36. Rd2 Bc3 37. Rdd1 Bb2 0-1

[Event "Gibraltar Challengers A 2020"]
[Site "Caleta"]
[Date "2020.01.21"]
[Round "1.5"]
[White "Piasetski, Leon"]
[Black "Verhoef, Jaap"]
[Result "1-0"]
[ECO "E90"]
[WhiteElo "2219"]
[BlackElo "2015"]
[Annotator "ChessBase"]
[PlyCount "35"]
[EventDate "2020.01.20"]
[EventType "swiss"]
[EventCountry "GGB"]
[SourceTitle "playchess.com"]
[Source "ChessBase"]
[SourceQuality "1"]
[TimeControl "6600+10"]

1. c4 Nf6 2. Nf3 g6 3. Nc3 Bg7 4. e4 d6 5. d4 O-O 6. h3 e5 7. d5 Nh5 8. g3 c6 9. Nh2 f5 10. exf5 Rxf5 11. g4 Rxf2 12. Kxf2 Qh4+ 13. Kg1 Na6 14. Ne4 Nf4 15. Nf3 Qd8 16. dxc6 Qb6+ 17. c5 Nxc5 18. Be3 1-0

[Event "Gibraltar Challengers A 2020"]
[Site "Caleta"]
[Date "2020.01.21"]
[Round "1.6"]
[White "Bujakevich, Aleksandr"]
[Black "Mohota, Nisha"]
[Result "0-1"]
[ECO "C58"]
[WhiteElo "2014"]
[BlackElo "2201"]
[Annotator "ChessBase"]
[PlyCount "48"]
[EventDate "2020.01.20"]
[EventType "swiss"]
[EventCountry "GGB"]
[SourceTitle "playchess.com"]
[Source "ChessBase"]
[SourceQuality "1"]
[TimeControl "6600+10"]

1. e4 e5 2. Nf3 Nc6 3. Bc4 Nf6 4. Ng5 d5 5. exd5 Na5 6. Bb5+ c6 7. dxc6 bxc6 8. Qf3 Be7 9. O-O O-O 10. Bd3 Qc7 11. Bf5 Ba6 12. Re1 g6 13. Bd3 Bc8 14. b4 Bg4 15. Qg3 Bxb4 16. Bb2 Bd6 17. Ne4 Nxe4 18. Qxg4 Nxf2 19. Kxf2 Qb6+ 20. Kf1 Qxb2 21. Nc3 f5 22. Qa4 Qb6 23. Rab1 Qc5 24. Be2 e4 0-1

[Event "Gibraltar Challengers A 2020"]
[Site "Caleta"]
[Date "2020.01.21"]
[Round "1.7"]
[White "Yanev, Pavel"]
[Black "Burke, Mitchell R"]
[Result "1-0"]
[ECO "B90"]
[WhiteElo "2200"]
[BlackElo "2001"]
[Annotator "ChessBase"]
[PlyCount "143"]
[EventDate "2020.01.20"]
[EventType "swiss"]
[EventCountry "GGB"]
[SourceTitle "playchess.com"]
[Source "ChessBase"]
[SourceQuality "1"]
[TimeControl "6600+10"]

1. e4 c5 2. Nf3 d6 3. d4 cxd4 4. Nxd4 Nf6 5. Nc3 a6 6. h3 e5 7. Nde2 h5 8. Bg5 Be7 9. Bxf6 Bxf6 10. Nd5 Bg5 11. Nec3 Nc6 12. h4 Bh6 13. g3 Nd4 14. Bh3 Bxh3 15. Rxh3 b5 16. Kf1 g6 17. Kg2 Rb8 18. a3 Bg7 19. Rh1 Qc8 20. Ne2 Qb7 21. c3 Ne6 22. Qd3 O-O 23. Rad1 f5 24. f3 Nc5 25. Qe3 Kh7 26. exf5 Rxf5 27. g4 Bh6 28. g5 Bg7 29. Ng3 Rf7 30. Ne4 Nxe4 31. fxe4 Rbf8 32. Rdf1 Qd7 33. Rxf7 Qxf7 34. Qe2 Qd7 35. Kg3 Qf7 36. Rh2 Qd7 37. Kg2 Qf7 38. Kg1 Qd7 39. Rf2 Rxf2 40. Qxf2 Qg4+ 41. Qg2 Qxh4 42. Kf1 Kh8 43. Ke2 Kh7 44. b4 Kh8 45. Kd2 Bf8 46. c4 bxc4 47. Kc3 Qe1+ 48. Kxc4 Qc1+ 49. Kb3 Qd1+ 50. Kb2 Qd4+ 51. Nc3 Be7 52. Kb3 Kg7 53. a4 Bf8 54. b5 axb5 55. axb5 d5 56. exd5 Bb4 57. Qf3 Bxc3 58. Qxc3 Qxd5+ 59. Kb4 Qd6+ 60. Ka5 Qd8+ 61. b6 Qd5+ 62. Ka6 Qa8+ 63. Kb5 Qd5+ 64. Qc5 Qd7+ 65. Ka6 Qa4+ 66. Kb7 Qe4+ 67. Kc7 Qf4 68. Qe7+ Kg8 69. Qe6+ Kh7 70. b7 e4+ 71. Qd6 Qc1+ 72. Kd7 1-0

[Event "Gibraltar Challengers A 2020"]
[Site "Caleta"]
[Date "2020.01.21"]
[Round "1.8"]
[White "Skutta, Bernd"]
[Black "Onabogun, Kolade"]
[Result "0-1"]
[ECO "A81"]
[WhiteElo "1998"]
[BlackElo "2198"]
[Annotator "ChessBase"]
[PlyCount "65"]
[EventDate "2020.01.20"]
[EventType "swiss"]
[EventCountry "GGB"]
[SourceTitle "playchess.com"]
[Source "ChessBase"]
[SourceQuality "1"]
[TimeControl "6600+10"]

1. d4 f5 2. Nf3 Nf6 3. g3 g6 4. b3 Bg7 5. Bb2 Ne4 6. Nbd2 c5 7. Bg2 Nc6 8. e3 Qa5 9. O-O O-O 10. Nc4 Qc7 11. d5 Bxb2 12. Nxb2 Na5 13. c4 e5 14. d6 Qxd6 15. Qxd6 Nxd6 16. Nxe5 Ne8 17. Na4 d6 18. Nf3 Rb8 19. Ng5 h6 20. Nf3 Bd7 21. Nc3 a6 22. Rfd1 Be6 23. e4 f4 24. e5 fxg3 25. fxg3 Bg4 26. Rf1 Nc6 27. Nd5 dxe5 28. Nh4 Rxf1+ 29. Rxf1 g5 30. Ng6 Kg7 31. Nge7 Nxe7 32. Nxe7 Nd6 33. Re1 0-1

[Event "Gibraltar Challengers A 2020"]
[Site "Caleta"]
[Date "2020.01.21"]
[Round "1.9"]
[White "Ajele, Rotimi"]
[Black "Filipovich, David"]
[Result "1/2-1/2"]
[ECO "A41"]
[WhiteElo "2188"]
[BlackElo "1995"]
[Annotator "ChessBase"]
[PlyCount "56"]
[EventDate "2020.01.20"]
[EventType "swiss"]
[EventCountry "GGB"]
[SourceTitle "playchess.com"]
[Source "ChessBase"]
[SourceQuality "1"]
[TimeControl "6600+10"]

1. d4 g6 2. Nf3 Bg7 3. c4 d6 4. g3 Nd7 5. Bg2 e5 6. O-O Ne7 7. Nc3 O-O 8. dxe5 dxe5 9. Qc2 c6 10. Rd1 Qc7 11. b3 Rd8 12. Bb2 Nc5 13. Rxd8+ Qxd8 14. Rd1 Qb6 15. Ne4 Nxe4 16. Qxe4 Bf5 17. Qh4 f6 18. g4 Be4 19. Nxe5 Bxg2 20. Nd7 Qa5 21. Kxg2 Qxa2 22. Bxf6 Qxe2 23. Bxg7 Qxd1 24. Qxe7 Qxg4+ 25. Kf1 Qd1+ 26. Kg2 Qg4+ 27. Kh1 Qd1+ 28. Kg2 Qg4+ 1/2-1/2

[Event "Gibraltar Challengers A 2020"]
[Site "Caleta"]
[Date "2020.01.21"]
[Round "1.10"]
[White "Cannon, Richard J"]
[Black "Galvan, Jesus"]
[Result "0-1"]
[ECO "B23"]
[WhiteElo "1990"]
[BlackElo "2180"]
[Annotator "ChessBase"]
[PlyCount "74"]
[EventDate "2020.01.20"]
[EventType "swiss"]
[EventCountry "GGB"]
[SourceTitle "playchess.com"]
[Source "ChessBase"]
[SourceQuality "1"]
[TimeControl "6600+10"]

1. e4 c5 2. Nc3 Nc6 3. Nge2 Nf6 4. d4 d5 5. exd5 Nxd5 6. dxc5 e6 7. Nxd5 exd5 8. Be3 Bg4 9. f3 Qe7 10. Kf2 Be6 11. c3 a6 12. b4 g6 13. Nd4 Ne5 14. Nxe6 Qxe6 15. Bd4 Bg7 16. Qa4+ Kf8 17. Re1 Qf5 18. Qd1 Re8 19. h3 h5 20. g3 h4 21. g4 Qf4 22. Rg1 Bh6 23. Rg2 Qf6 24. Be3 Bf4 25. Bxf4 Qxf4 26. Qxd5 Kg7 27. Be2 Rd8 28. Qe4 Qxe4 29. fxe4 Rd2 30. Ke3 Rhd8 31. a4 Rc2 32. Rgg1 Rxc3+ 33. Kf4 Nc6 34. b5 axb5 35. axb5 Nd4 36. c6 Ne6+ 37. Ke5 Rc5# 0-1

[Event "Gibraltar Challengers A 2020"]
[Site "Caleta"]
[Date "2020.01.21"]
[Round "1.11"]
[White "Tejaswini, Sagar"]
[Black "Alami, Halim"]
[Result "0-1"]
[ECO "C90"]
[WhiteElo "2180"]
[BlackElo "1987"]
[Annotator "ChessBase"]
[PlyCount "132"]
[EventDate "2020.01.20"]
[EventType "swiss"]
[EventCountry "GGB"]
[SourceTitle "playchess.com"]
[Source "ChessBase"]
[SourceQuality "1"]
[TimeControl "6600+10"]

1. e4 e5 2. Nf3 Nc6 3. Bb5 a6 4. Ba4 Nf6 5. O-O Be7 6. Re1 b5 7. Bb3 d6 8. c3 Na5 9. Bc2 c5 10. d4 cxd4 11. cxd4 Qc7 12. Nc3 O-O 13. Bg5 Bb7 14. Rc1 Rad8 15. Ne2 Qb8 16. Ng3 g6 17. b3 Rfe8 18. d5 Bc8 19. Qd2 Nb7 20. b4 Bd7 21. h3 Rc8 22. Nh2 a5 23. a3 Qa8 24. f4 axb4 25. axb4 Qa3 26. Nf3 Rc4 27. Bd3 Rxc1 28. Rxc1 Rc8 29. Rxc8+ Bxc8 30. Bxb5 Bxh3 31. fxe5 dxe5 32. Qd3 Qa7+ 33. Be3 Qa1+ 34. Qf1 Qxf1+ 35. Kxf1 Bd7 36. Ba6 Ng4 37. Bd2 Nd6 38. Ke2 f5 39. Bc3 Bf6 40. Bd3 Kf7 41. Bc2 f4 42. Nh1 Bb5+ 43. Bd3 Nxe4 44. Bb2 Nd6 45. Bxb5 Nxb5 46. Nd2 Ne3 47. Nf2 Nxd5 48. Ng4 Nxb4 49. Bxe5 Bxe5 50. Nxe5+ Ke6 51. Nef3 Nc3+ 52. Kf1 Kf5 53. Nd4+ Kg4 54. Ne6 h5 55. Nf3 Nd3 56. Nf8 g5 57. Nh7 Ne4 58. Ke2 Ndc5 59. Kf1 h4 60. Nh2+ Kf5 61. Nf3 Ne6 62. Nhxg5 N6xg5 63. Nxh4+ Kf6 64. Ke2 Ng3+ 65. Kd3 Nf5 66. Ke2 Nxh4 0-1

[Event "Gibraltar Challengers A 2020"]
[Site "Caleta"]
[Date "2020.01.21"]
[Round "1.12"]
[White "Paul, Nathanael"]
[Black "Ask, Josef"]
[Result "0-1"]
[ECO "A45"]
[WhiteElo "1987"]
[BlackElo "2174"]
[Annotator "ChessBase"]
[PlyCount "100"]
[EventDate "2020.01.20"]
[EventType "swiss"]
[EventCountry "GGB"]
[SourceTitle "playchess.com"]
[Source "ChessBase"]
[SourceQuality "1"]
[TimeControl "6600+10"]

1. d4 Nf6 2. Bf4 g6 3. Nc3 c5 4. e3 Bg7 5. h4 Qa5 6. Qd2 a6 7. Be2 d6 8. h5 gxh5 9. d5 b5 10. f3 Bb7 11. e4 Nbd7 12. Nh3 c4 13. Nd1 Qc7 14. Ne3 c3 15. Qxc3 Qxc3+ 16. bxc3 Ng8 17. O-O-O Bxc3 18. Nf5 Ne5 19. Bd2 Bxd2+ 20. Kxd2 Rc8 21. Nf4 Nf6 22. Nxh5 Nfd7 23. Ne3 Nb6 24. Ng7+ Kf8 25. Ngf5 Na4 26. c4 bxc4 27. f4 c3+ 28. Kc2 Nd7 29. Rd4 Nac5 30. Nc4 Rc7 31. e5 dxe5 32. fxe5 e6 33. d6 Rc8 34. Ne7 Rb8 35. Bf3 Ke8 36. Kxc3 Na4+ 37. Kc2 Nac5 38. Bxb7 Rxb7 39. Rf4 Rb4 40. g3 Ra4 41. a3 f6 42. exf6 Kf7 43. Nc6 Kf8 44. f7 h5 45. Nd8 e5 46. Rfh4 e4 47. Rb1 Rxc4+ 48. Kd1 Rd4+ 49. Ke2 Rxd6 50. Rf4 Kg7 0-1

[Event "Gibraltar Challengers A 2020"]
[Site "Caleta"]
[Date "2020.01.21"]
[Round "1.13"]
[White "Zulkipli, Zaidan"]
[Black "Herzwurm, Robert"]
[Result "1-0"]
[ECO "D05"]
[WhiteElo "2174"]
[BlackElo "1979"]
[Annotator "ChessBase"]
[PlyCount "49"]
[EventDate "2020.01.20"]
[EventType "swiss"]
[EventCountry "GGB"]
[SourceTitle "playchess.com"]
[Source "ChessBase"]
[SourceQuality "1"]
[TimeControl "6600+10"]

1. b3 d5 2. Bb2 Nf6 3. Nf3 e6 4. e3 c5 5. Be2 Nc6 6. O-O Bd6 7. d4 O-O 8. c4 Qe7 9. Nc3 Rd8 10. cxd5 exd5 11. Nb5 Bb8 12. dxc5 Ne4 13. Rc1 a5 14. Nbd4 Nb4 15. a3 Na6 16. c6 Rd6 17. cxb7 Qxb7 18. Nb5 Rh6 19. Qd4 f6 20. Rxc8+ Qxc8 21. Qxd5+ Kh8 22. Qxe4 Nc5 23. Qd5 Ne6 24. Rc1 Qe8 25. g3 1-0

[Event "Gibraltar Challengers A 2020"]
[Site "Caleta"]
[Date "2020.01.21"]
[Round "1.14"]
[White "Manukonda Arun"]
[Black "Mihajlov, Svetoslav"]
[Result "0-1"]
[ECO "E38"]
[WhiteElo "1959"]
[BlackElo "2173"]
[Annotator "ChessBase"]
[PlyCount "88"]
[EventDate "2020.01.20"]
[EventType "swiss"]
[EventCountry "GGB"]
[SourceTitle "playchess.com"]
[Source "ChessBase"]
[SourceQuality "1"]
[TimeControl "6600+10"]

1. d4 Nf6 2. c4 e6 3. Nc3 Bb4 4. Qc2 c5 5. dxc5 Bxc5 6. Nf3 Qb6 7. e3 Qc7 8. a3 b6 9. b4 Be7 10. Nb5 Qd8 11. Bb2 a6 12. Nbd4 Bb7 13. Be2 Qc7 14. O-O d6 15. Ng5 Qc8 16. Bd3 h6 17. Nxf7 Kxf7 18. Nxe6 Nbd7 19. Bg6+ Kg8 20. Nd4 Nf8 21. Bf5 Qe8 22. f4 Bd8 23. Rae1 Be4 24. Qd2 g6 25. Bh3 Rh7 26. Nb3 Qc6 27. Rc1 Rf7 28. Nd4 Qe8 29. Ne2 Bb7 30. Qc3 Bc8 31. Rf3 Rh7 32. Qd4 Bb7 33. Rg3 Ne4 34. c5 Nxg3 35. Nxg3 dxc5 36. bxc5 bxc5 37. Rxc5 Bb6 38. Qc4+ Qf7 39. Qc3 Bxc5 40. Qxc5 Qc7 41. Qd4 Rd8 42. Qf6 Rd1+ 43. Kf2 Qd6 44. Qc3 Qd2+ 0-1

[Event "Gibraltar Challengers A 2020"]
[Site "Caleta"]
[Date "2020.01.21"]
[Round "1.15"]
[White "Hristodorescu, Daniel"]
[Black "Perez Ruiz, Santiago"]
[Result "1-0"]
[ECO "C70"]
[WhiteElo "2172"]
[BlackElo "1953"]
[Annotator "ChessBase"]
[PlyCount "85"]
[EventDate "2020.01.20"]
[EventType "swiss"]
[EventCountry "GGB"]
[SourceTitle "playchess.com"]
[Source "ChessBase"]
[SourceQuality "1"]
[TimeControl "6600+10"]

1. e4 e5 2. Nf3 Nc6 3. Bb5 a6 4. Ba4 b5 5. Bb3 Be7 6. a4 Bb7 7. Nc3 Nf6 8. d3 b4 9. Ne2 d5 10. exd5 Nxd5 11. O-O O-O 12. a5 Kh8 13. Ng3 g6 14. Bh6 Re8 15. Re1 f6 16. d4 Nxd4 17. Nxd4 exd4 18. Qxd4 c5 19. Qe4 Bf8 20. Qxe8 Qxe8 21. Rxe8 Rxe8 22. Bxf8 Rxf8 23. Rd1 Nf4 24. f3 h5 25. h4 Bc6 26. Bc4 g5 27. Rd6 Bb5 28. Bxb5 axb5 29. a6 gxh4 30. Nf5 Ra8 31. Rxf6 b3 32. cxb3 Nd3 33. Nxh4 Nxb2 34. Rh6+ Kg7 35. Nf5+ Kf7 36. Rb6 c4 37. Nd6+ Ke7 38. Nxb5 cxb3 39. Rb7+ Kd8 40. Nc7 Rc8 41. a7 Nc4 42. Ne6+ Ke8 43. Rb8 1-0

[Event "Gibraltar Challengers A 2020"]
[Site "Caleta"]
[Date "2020.01.21"]
[Round "1.16"]
[White "Adewole, Adeyinka"]
[Black "Nebel, Jens"]
[Result "0-1"]
[ECO "E70"]
[WhiteElo "1941"]
[BlackElo "2168"]
[Annotator "ChessBase"]
[PlyCount "47"]
[EventDate "2020.01.20"]
[EventType "swiss"]
[EventCountry "GGB"]
[SourceTitle "playchess.com"]
[Source "ChessBase"]
[SourceQuality "1"]
[TimeControl "6600+10"]

1. c4 Nf6 2. Nc3 g6 3. e4 d6 4. d4 Bg7 5. Bg5 O-O 6. Qd2 c5 7. d5 Re8 8. f4 e6 9. dxe6 Rxe6 10. O-O-O Qe8 11. Bxf6 Bxf6 12. Nb5 Qe7 13. Nxd6 Nc6 14. e5 Rxe5 15. Ne8 Re4 16. Nxf6+ Qxf6 17. g3 Bg4 18. Qg2 Rae8 19. Bd3 Re3 20. Nh3 Bf3 21. Qd2 Nb4 22. Bb1 Bxh1 23. Rxh1 Qe6 24. Qd1 0-1

[Event "Gibraltar Challengers A 2020"]
[Site "Caleta"]
[Date "2020.01.21"]
[Round "1.17"]
[White "De Abreu, Roberto N"]
[Black "Aura, Kristian"]
[Result "1-0"]
[ECO "E01"]
[WhiteElo "2154"]
[BlackElo "1928"]
[Annotator "ChessBase"]
[PlyCount "107"]
[EventDate "2020.01.20"]
[EventType "swiss"]
[EventCountry "GGB"]
[SourceTitle "playchess.com"]
[Source "ChessBase"]
[SourceQuality "1"]
[TimeControl "6600+10"]

1. d4 d5 2. c4 e6 3. Nf3 c6 4. g3 Nf6 5. Bg2 Bd6 6. O-O Nbd7 7. Nfd2 O-O 8. Nc3 dxc4 9. Nxc4 Bc7 10. e4 e5 11. d5 Nb6 12. b3 Nxc4 13. bxc4 Qe7 14. a4 Bd6 15. h3 a5 16. Be3 Nd7 17. Qe2 Nc5 18. Rab1 Na6 19. f4 Bb4 20. Na2 Bc5 21. Nc1 Bxe3+ 22. Qxe3 Qc5 23. Qxc5 Nxc5 24. fxe5 Re8 25. Kf2 Rxe5 26. Ke3 Re8 27. Kd4 Nxa4 28. Rf2 c5+ 29. Kd3 b6 30. Nb3 g6 31. g4 Ra7 32. Na1 Rae7 33. Nc2 Bd7 34. g5 Re5 35. h4 h6 36. gxh6 f5 37. Ne3 fxe4+ 38. Kc2 Rh5 39. Rf4 Rxh6 40. Bxe4 g5 41. Rg1 g4 42. Nxg4 Bxg4 43. Rfxg4+ Kh8 44. Bg6 Rb8 45. h5 b5 46. cxb5 Nb6 47. d6 Nd7 48. Rg5 Nf6 49. Rxc5 Rd8 50. b6 Nd7 51. Rb5 a4 52. b7 Kg7 53. Bf5+ Kf6 54. Bxd7 1-0

[Event "Gibraltar Challengers A 2020"]
[Site "Caleta"]
[Date "2020.01.21"]
[Round "1.18"]
[White "Fischer, Robert"]
[Black "Godoy Olazabal, Artur"]
[Result "0-1"]
[ECO "C25"]
[WhiteElo "1923"]
[BlackElo "2154"]
[Annotator "ChessBase"]
[PlyCount "56"]
[EventDate "2020.01.20"]
[EventType "swiss"]
[EventCountry "GGB"]
[SourceTitle "playchess.com"]
[Source "ChessBase"]
[SourceQuality "1"]
[TimeControl "6600+10"]

1. Nc3 e5 2. e4 Bc5 3. Nf3 d6 4. d4 exd4 5. Nxd4 Qf6 6. Nd5 Qd8 7. Nb3 Bb6 8. Bc4 Nf6 9. Nxb6 axb6 10. O-O O-O 11. Re1 Re8 12. Bg5 h6 13. Bh4 Nc6 14. Nd4 g5 15. Bg3 Nxe4 16. Qh5 d5 17. Bb5 Qf6 18. c3 Bd7 19. Bxc7 Qxf2+ 20. Kh1 Rxa2 21. Qxh6 Nxd4 22. Bxd7 Nf3 23. gxf3 Qxf3+ 24. Kg1 Rxb2 25. Qh3 Qf2+ 26. Kh1 Qxe1+ 27. Qf1 Qxf1+ 28. Rxf1 Re7 0-1

[Event "Gibraltar Challengers A 2020"]
[Site "Caleta"]
[Date "2020.01.21"]
[Round "1.20"]
[White "Brown, David"]
[Black "Lipecki, Alexander"]
[Result "0-1"]
[ECO "C01"]
[WhiteElo "1916"]
[BlackElo "2152"]
[Annotator "ChessBase"]
[PlyCount "116"]
[EventDate "2020.01.20"]
[EventType "swiss"]
[EventCountry "GGB"]
[SourceTitle "playchess.com"]
[Source "ChessBase"]
[SourceQuality "1"]
[TimeControl "6600+10"]

1. e4 e6 2. d4 d5 3. Nc3 Nf6 4. exd5 exd5 5. Bd3 Bd6 6. Nce2 Bg4 7. c3 c6 8. Qc2 Qe7 9. Bg5 Nbd7 10. O-O-O O-O-O 11. f3 Bh5 12. Ng3 Bg6 13. Nf5 Bxf5 14. Bxf5 h6 15. Bh4 Rhe8 16. Bg3 g6 17. Bxd6 Qxd6 18. Bd3 Re3 19. Qd2 Ree8 20. Nh3 h5 21. Qf4 Qxf4+ 22. Nxf4 Nf8 23. Rhe1 Kd7 24. Kd2 Kd6 25. Bc2 Rxe1 26. Rxe1 Re8 27. Re3 N8d7 28. Nd3 a5 29. Rxe8 Nxe8 30. Ke3 Ng7 31. Nf4 b5 32. Nh3 Nb6 33. b3 b4 34. cxb4 axb4 35. Ng5 Ke7 36. Bd3 f6 37. Nh3 g5 38. f4 g4 39. Ng1 Nc8 40. f5 Kd6 41. Ne2 Ne7 42. Kf4 c5 43. Bb1 c4 44. Bc2 Nc6 45. Ke3 Na7 46. Kd2 Nb5 47. bxc4 dxc4 48. Be4 h4 49. Ke3 Nh5 50. Ba8 Nc7 51. Be4 Nd5+ 52. Kd2 Nhf4 53. Nxf4 Nxf4 54. Ba8 Nd5 55. Bb7 Nc7 56. Be4 Nb5 57. Kc2 Nxd4+ 58. Kd2 Ke5 0-1

[Event "Gibraltar Challengers A 2020"]
[Site "Caleta"]
[Date "2020.01.21"]
[Round "1.21"]
[White "Royset, Pal"]
[Black "Gostelow, David W"]
[Result "1/2-1/2"]
[ECO "B40"]
[WhiteElo "2151"]
[BlackElo "1901"]
[Annotator "ChessBase"]
[PlyCount "35"]
[EventDate "2020.01.20"]
[EventType "swiss"]
[EventCountry "GGB"]
[SourceTitle "playchess.com"]
[Source "ChessBase"]
[SourceQuality "1"]
[TimeControl "6600+10"]

1. e4 c5 2. Nc3 e6 3. Nf3 d5 4. Bb5+ Nc6 5. O-O dxe4 6. Nxe4 Nf6 7. Qe2 Bd7 8. d3 a6 9. Bxc6 Bxc6 10. b3 Be7 11. Bb2 O-O 12. Ne5 Bxe4 13. dxe4 Qc7 14. f4 Rfd8 15. c4 Qa5 16. Qf3 h6 17. g4 Nh7 18. g5 1/2-1/2

[Event "Gibraltar Challengers A 2020"]
[Site "Caleta"]
[Date "2020.01.21"]
[Round "1.22"]
[White "Tranter, Stephen"]
[Black "Voiteanu, Gabriel"]
[Result "0-1"]
[ECO "C55"]
[WhiteElo "1899"]
[BlackElo "2133"]
[Annotator "ChessBase"]
[PlyCount "47"]
[EventDate "2020.01.20"]
[EventType "swiss"]
[EventCountry "GGB"]
[SourceTitle "playchess.com"]
[Source "ChessBase"]
[SourceQuality "1"]
[TimeControl "6600+10"]

1. e4 d6 2. Bc4 Nf6 3. Nc3 e5 4. Nf3 Be7 5. d3 Nc6 6. h3 Na5 7. Bb5+ c6 8. Ba4 b5 9. Bb3 O-O 10. Bg5 Bb7 11. Qe2 Nd7 12. Bxe7 Qxe7 13. Nd1 d5 14. Ne3 dxe4 15. dxe4 Nc5 16. Nf5 Qf6 17. g4 Naxb3 18. axb3 Ne6 19. g5 Nxg5 20. Rg1 Ne6 21. Qe3 c5 22. O-O-O Rad8 23. Rxd8 Rxd8 24. Nh2 0-1

[Event "Gibraltar Challengers A 2020"]
[Site "Caleta"]
[Date "2020.01.21"]
[Round "1.23"]
[White "Kandic, Milan"]
[Black "Kaplan, Amiram"]
[Result "1-0"]
[ECO "C14"]
[WhiteElo "2132"]
[BlackElo "1880"]
[Annotator "ChessBase"]
[PlyCount "23"]
[EventDate "2020.01.20"]
[EventType "swiss"]
[EventCountry "GGB"]
[SourceTitle "playchess.com"]
[Source "ChessBase"]
[SourceQuality "1"]
[TimeControl "6600+10"]

1. d4 e6 2. e4 d5 3. Nc3 Nf6 4. Bg5 Be7 5. e5 Nfd7 6. Bxe7 Qxe7 7. f4 c5 8. Nb5 Nb6 9. Nd6+ Kf8 10. dxc5 Nc4 11. Bxc4 dxc4 12. Nxc8 1-0

[Event "Gibraltar Challengers A 2020"]
[Site "Caleta"]
[Date "2020.01.21"]
[Round "1.24"]
[White "O`neil, Jim"]
[Black "Ruperez, Miguel"]
[Result "0-1"]
[ECO "D00"]
[WhiteElo "1870"]
[BlackElo "2126"]
[Annotator "ChessBase"]
[PlyCount "60"]
[EventDate "2020.01.20"]
[EventType "swiss"]
[EventCountry "GGB"]
[SourceTitle "playchess.com"]
[Source "ChessBase"]
[SourceQuality "1"]
[TimeControl "6600+10"]

1. d4 Nf6 2. Nc3 d5 3. Bf4 c6 4. e3 e6 5. a3 Bd6 6. Bg3 b6 7. Bd3 Ba6 8. Nf3 O-O 9. Ne5 Bxd3 10. Qxd3 Qc7 11. f4 Nbd7 12. O-O-O b5 13. Bh4 a5 14. Nxd7 Nxd7 15. Ne2 Nb6 16. g4 Nc4 17. Rhg1 a4 18. c3 c5 19. Rg3 b4 20. Rh3 g6 21. dxc5 bxa3 22. bxa3 Qxc5 23. Rd2 Qxa3+ 24. Kd1 Qa1+ 25. Nc1 Nxd2 26. Kxd2 Rfb8 27. Bf6 Ba3 28. Qf1 Qxc1+ 29. Qxc1 Bxc1+ 30. Kxc1 a3 0-1